 Dungeon Crawl Stone Soup version 0.18-a0-1577-gf591c28 (webtiles) character file.

1976 Ijustatesigmund the Insei (level 9, -1/62 HPs)
             Began as an Octopode Transmuter on Mar 19, 2016.
             Was a Believer of Cheibriados.
             Slain by an orc wizard
             ... wielding a +0 dagger
              (2 damage)
             ... on level 6 of the Dungeon.
             The game lasted 00:16:35 (6852 turns).

Ijustatesigmund the Insei (Octopode Transmuter)     Turns: 6852, Time: 00:16:35

Health: -1/62      AC:  1    Str: 14    XL:     9   Next: 20%
Magic:  13/13      EV: 12    Int: 20    God:    Cheibriados [**....]
Gold:   241        SH:  0    Dex: 18    Spells: 4 memorised, 3 levels left

rFire  . . .     SeeInvis .       - Unarmed
rCold  . . .     Gourm    .     (no shield)
rNeg   . . .     Faith    .     (helmet restricted)
rPois  .         Spirit   .     (no amulet)
rElec  .         Dismiss  .     (no ring)
rCorr  .         Reflect  .     (no ring)
SustAt .         Harm     .     (no ring)
MR     .....                    (no ring)
Stlth  +++.......               (no ring)
                                (no ring)
                                (no ring)
                                (no ring)

@: drained, very slow, not resistant to hostile enchantments, fairly stealthy
A: almost no armour, amphibious, 8 rings, constrict 8, camouflage 1, gelatinous
body 1, MP-powered wands
a: Bend Time, Renounce Religion


You were on level 6 of the Dungeon.
You worshipped Cheibriados.
Cheibriados was pleased with you.
You were not hungry.

You visited 2 branches of the dungeon, and saw 7 of its levels.

You collected 241 gold pieces.

Inventory:

Missiles
 h - 6 tomahawks of dispersal (quivered)
 o - 7 tomahawks
 u - 24 arrows
Armour
 p - a +0 buckler
Wands
 d - a wand of flame (16/48)
 r - a wand of digging (7/24)
Scrolls
 i - 2 scrolls of remove curse
 t - 2 scrolls of enchant armour
Potions
 e - 2 potions of brilliance
 f - a potion of agility
 g - a potion of might
 j - a potion of lignification {unknown}
 k - 2 potions of curing
 m - a potion of haste {unknown}
 q - a potion of mutation {unknown}
 s - a potion of heal wounds {unknown}
 v - a potion of resistance {unknown}
Books
 b - a book of Changes

   Spells                             Type                      Level
   a - Beastly Appendage              Transmutation                1
   b - Sticks to Snakes               Transmutation                2
   c - Spider Form                    Transmutation/Poison         3
   d - Ice Form                       Ice/Transmutation            4
   e - Blade Hands                    Transmutation                5
 l - a book of Cantrips

   Spells                             Type                      Level
   a - Corona                         Hexes                        1
   b - Animate Skeleton               Necromancy                   1
   c - Summon Small Mammal            Summoning                    1
   d - Apportation                    Translocation                1
 n - a book of Unlife

   Spells                             Type                      Level
   a - Recall                         Summoning/Translocation      3
   b - Animate Dead                   Necromancy                   4
   c - Control Undead                 Necromancy                   4
   d - Cigotuvi's Embrace             Necromancy                   5
   e - Death Channel                  Necromancy                   6
   f - Simulacrum                     Ice/Necromancy               6
Comestibles
 a - a meat ration
 c - 4 bread rations


   Skills:
 + Level 6.3(5.4) Fighting
 - Level 2.0(1.2) Dodging
 + Level 6.9(6.0) Unarmed Combat
 + Level 2.7(1.9) Spellcasting
 - Level 4.0(3.2) Transmutations
 - Level 3.1(2.2) Ice Magic
 - Level 2.6(1.9) Poison Magic
 + Level 5.1(4.2) Invocations


You had 3 spell levels left.
You knew the following spells:

 Your Spells              Type           Power        Failure   Level  Hunger
a - Beastly Appendage     Trmt           ##....       4%          1    #......
b - Sticks to Snakes      Trmt           ##......     10%         2    ###....
c - Spider Form           Trmt/Pois      ##........   17%         3    ###....
d - Ice Form              Ice/Trmt       ##......     58%         4    #####..


Dungeon Overview and Level Annotations

Branches:
Dungeon (6/15)             Temple (1/1) D:4

Altars:
Cheibriados
Elyvilon
Fedhas
Gozag
Kikubaaqudgha
Makhleb
Nemelex Xobeh
Okawaru
Qazlal
Ru
Sif Muna
Trog
Vehumet
Xom
Yredelemnul
Zin
The Shining One


Innate Abilities, Weirdness & Mutations

You cannot wear most types of armour.
You are amphibious.
You can wear up to eight rings at the same time.
You can use your tentacles to constrict eight enemies at once.
Your skin changes colour to match your surroundings (Stealth).
Your rubbery body absorbs attacks (AC +1).
You expend magic power (3 MP) to strengthen your wands.


Message History

Throwing (i - inventory. (,) - cycle):
h - 7 tomahawks of dispersal (quivered)
Press: ? - help, Shift-Dir - straight line, f - orc priest
Aim: an orc priest, wielding a dagger You throw a tomahawk of dispersal.
The tomahawk of dispersal hits the orc priest.
The orc priest blinks!
The orc priest is lightly wounded.
You constrict the orc wizard. The orc wizard barely misses you.
The orc priest invokes the aid of Beogh against you.
Beogh smites you!
* * * LOW HITPOINT WARNING * * *
Something hits you.
* * * LOW HITPOINT WARNING * * *
Drink which item? (? for menu, Esc to quit)
Okay, then.
You release your grip on the orc wizard.
The orc wizard hits you from afar with a spear.
* * * LOW HITPOINT WARNING * * *
Something hits you.
You die...

..#.......... ..
##.....#.#### #.## #
#..(..#.# #..# .#
##.....# #######..###.#
...[...+ ...<......>#
.......#.# ...
......#.#
...##+##.####.#
#§o.....#
...'.......[#.###)#
...##.###.#.#...@{###.#
...##.# #.#.#.........#
#####'###.#.#..######.#
#......##.#.#..#
#..†...##......#
#......'....##.#
#......#######...
#......# ##### #......#


You could see an orc wizard.

Vanquished Creatures
  Pikel (D:5)
  A two-headed ogre (D:4)
  Sigmund (D:6)
  Edmund (D:6)
  A sky beast (D:5)
  A slave (D:5)
  The ghost of Ijustatesigmund the Insei, an amateur OpTm (D:3)
  A giant frog (D:4)
  A scorpion (D:4)
  4 wights (D:6)
  3 crimson imps (D:5)
  2 quasits
  5 orc wizards
  A giant frog skeleton (D:6)
  A centaur zombie (D:6)
  An orc priest (D:4)
  2 worker ants (D:4)
  A hound skeleton (D:5)
  8 adders
  A shadow imp (D:5)
  An ooze (D:1)
  5 worms
  A dart slug (D:2)
  8 orcs
  2 ball pythons
  12 bats
  4 giant cockroaches
  7 hobgoblins
  8 jackals
  7 kobolds
  4 quokkas
  9 giant newts
  9 goblins
  13 rats
  A fungus (D:1)
129 creatures vanquished.

Vanquished Creatures (collateral kills)
  Terence (D:2)
  A worm (D:4)
  2 orcs (D:3)
  A kobold (D:3)
5 creatures vanquished.

Grand Total: 134 creatures vanquished

Notes
Turn   | Place    | Note
--------------------------------------------------------------
     0 | D:1      | Ijustatesigmund the Octopode Transmuter began the quest for the Orb.
     0 | D:1      | Reached XP level 1. HP: 13/13 MP: 3/3
   101 | D:1      | Reached XP level 2. HP: 8/18 MP: 5/5
   105 | D:1      | Learned a level 2 spell: Sticks to Snakes
   608 | D:1      | Reached XP level 3. HP: 24/24 MP: 6/6
  1001 | D:2      | Learned a level 3 spell: Spider Form
  1099 | D:2      | Reached XP level 4. HP: 26/30 MP: 7/7
  1333 | D:2      | Reached skill level 1 in Poison Magic
  1473 | D:2      | Noticed Terence
  1502 | D:2      | Killed Terence
  1773 | D:3      | Reached XP level 5. HP: 17/36 MP: 8/8
  1803 | D:3      | Noticed Ijustatesigmund's ghost (amateur OpTm)
  2293 | D:3      | Killed Ijustatesigmund's ghost
  2314 | D:3      | Reached XP level 6. HP: 36/43 MP: 9/9
  2913 | D:5      | Entered Level 5 of the Dungeon
  3007 | D:5      | Noticed Pikel
  3007 | D:5      | Noticed a slave
  3007 | D:5      | Noticed a slave
  3007 | D:5      | Noticed a slave
  3038 | D:5      | Found a white marble altar of Elyvilon.
  3069 | D:5      | Noticed a sky beast
  3083 | D:5      | Killed a sky beast
  3083 | D:5      | Reached skill level 5 in Unarmed Combat
  3302 | D:5      | Reached XP level 7. HP: 6/49 MP: 10/10
  3595 | D:4      | Found a staircase to the Ecumenical Temple.
  3600 | Temple   | Entered the Ecumenical Temple
  3604 | Temple   | Became a worshipper of Cheibriados the Contemplative
  3709 | D:4      | Noticed a two-headed ogre
  3719 | D:4      | Killed a two-headed ogre
  3719 | D:4      | Reached skill level 1 in Invocations
  4746 | D:4      | Reached XP level 8. HP: 47/54 MP: 11/11
  4755 | D:4      | Learned a level 4 spell: Ice Form
  4848 | D:4      | Reached skill level 5 in Fighting
  4894 | D:4      | Found a deep blue altar of Sif Muna.
  5166 | D:4      | Reached * piety under Cheibriados
  5223 | D:5      | Found a radiant altar of Vehumet.
  5235 | D:5      | Found a shimmering altar of Xom.
  5238 | D:5      | Found a sparkling altar of Nemelex Xobeh.
  5392 | D:5      | Reached skill level 1 in Ice Magic
  5452 | D:5      | Killed Pikel
  5580 | D:5      | Found an iron altar of Okawaru.
  5852 | D:6      | Noticed Edmund
  5862 | D:6      | Killed Edmund
  5902 | D:6      | Reached XP level 9. HP: 44/62 MP: 7/12
  6146 | D:6      | Gained mutation: You expend magic power (3 MP) to strengthen your wands. [mutagenic glow]
  6709 | D:6      | Found a stormy altar of Qazlal.
  6770 | D:6      | Noticed Sigmund
  6811 | D:6      | Killed Sigmund
  6811 | D:6      | Reached skill level 5 in Invocations
  6827 | D:6      | Reached ** piety under Cheibriados
  6852 | D:6      | HP: 1/62 [orc wizard/spear (5)]
  6852 | D:6      | Slain by an orc wizard

Vault maps used:
D:1:      dpeg_cavernosity
D:2:      first_bread, uniq_terence
D:4:      lemuel_blue_sif_altar, minmay_temple_entry_statues_pillars,
          minmay_misc_feat_chi
D:5:      lemuel_doored_altar, grunt_temple_overflow_open, okawaru_trees_2,
          uniq_pikel
D:6:      hangedman_feature_mirror, uniq_sigmund, uniq_edmund
Temple:   circular_temple_pool_12

Skill      XL: |  1  2  3  4  5  6  7  8  9 |
---------------+----------------------------+-----
Fighting       | 2 3 4 6 |  6.3
Unarmed Combat | 4 5 6 |  6.9
Poison Magic   | 2 |  2.6
Transmutations | 3 4 |  4.0
Invocations    | 3 4 5 |  5.1
Ice Magic      | 3 |  3.1
Dodging        | |  2.0
Spellcasting   | |  2.7

Action                   |  1- 3 |  4- 6 |  7- 9 || total
-------------------------+-------+-------+-------++-------
Melee: Unarmed           |    85 |   124 |   151 ||   360
Throw: Tomahawk          |       |       |     1 ||     1
 Cast: Beastly Appendage |     3 |    15 |    13 ||    31
       Sticks to Snakes  |       |     8 |     4 ||    12
       Spider Form       |       |     1 |     6 ||     7
       Ice Form          |       |       |     3 ||     3
  Use: Scroll            |     1 |     7 |     1 ||     9
       Potion            |       |     2 |     4 ||     6
 Stab: Sleeping          |     5 |     5 |     2 ||    12
  Eat: Chunk             |     1 |     4 |     2 ||     7
       Fruit             |       |     4 |       ||     4
       Bread ration      |       |       |     1 ||     1
       Royal jelly       |       |       |     1 ||     1
       Meat ration       |       |       |     1 ||     1
